 Dungeon Crawl Stone Soup version 0.16-a0-269-gd5b6136 (webtiles) character file.

9986 Johnny the Cloud Mage (level 11, -10/80 HPs)
             Began as a Demigod Air Elementalist on Aug 26, 2014.
             Hit by a large rock thrown by a cyclops (33 damage)
             ... on Level 12 of the Dungeon.
             The game lasted 01:16:47 (16348 turns).

Johnny the Cloud Mage (Demigod Air Elementalist)   Turns: 16348, Time: 01:16:47

HP -10/80        AC  7     Str 25      XL: 11   Next:  9%
MP   3/30        EV 15     Int 23      God:
Gold 504         SH  0     Dex 17      Spells:  6 memorised, 11 levels left

rFire  . . .     SeeInvis .     y - +2 short sword (drain)
rCold  . . .     Clarity  .     M - +2 robe {rN+}
rNeg   + . .     rCorr    +     (no shield)
rPois  .         rRot     .     p - +1 helmet
rElec  .         Spirit   .     (no cloak)
SustAb .         Warding  .     (no gloves)
rMut   .         Stasis   .     (no boots)
Gourm  .                        c - amulet of resist corrosion
MR     +....                    s - +1 ring of protection
                                k - +6 ring of strength

@: mighty, exhausted, slowed, very slow, somewhat resistant to hostile
enchantments, fairly stealthy
A: no striking features
a: no special abilities


You were on level 12 of the Dungeon.
You were not hungry.

You visited 1 branch of the dungeon, and saw 12 of its levels.

You collected 504 gold pieces.

Inventory:

Hand weapons
 n - a cursed -2 dagger
 o - a +2 dagger of speed
 t - a +0 hand axe of flaming
 y - a +2 short sword of draining (weapon)
 D - a +1 dagger of chaos
 H - a cursed -3 short sword
 P - a cursed -3 dagger
Armour
 a - a cursed +0 robe
 p - a +1 helmet (worn)
 M - a +2 robe of positive energy (worn)
 R - a +0 storm dragon armour
Magical devices
 j - a wand of polymorph (2)
 F - a wand of digging (6)
 G - a wand of magic darts (14)
 T - a wand of lightning (0)
 U - a wand of disintegration (0)
Comestibles
 l - 4 beef jerkies
 m - 3 slices of pizza
 r - 20 fruits
 w - 4 bread rations
Scrolls
 f - a scroll of immolation
 g - 8 scrolls of remove curse
 u - 3 scrolls of magic mapping
 z - a scroll of random uselessness
 B - 4 scrolls of enchant weapon
 J - 3 scrolls of enchant armour
 O - a scroll of recharging
Jewellery
 c - an amulet of resist corrosion (around neck)
 k - a +6 ring of strength (left hand)
 s - a +1 ring of protection (right hand)
 N - an uncursed ring of protection from cold
 Q - an uncursed ring of protection from fire {unknown}
Potions
 d - a potion of lignification {unknown}
 e - 4 potions of agility
 h - 2 potions of haste
 q - 2 potions of mutation {unknown}
 v - a potion of poison {unknown}
 x - a potion of magic {unknown}
 A - a potion of restore abilities
Books
 b - a book of Air

   Spells                             Type                      Level
   *Shock                             Conjuration/Air              1
   *Swiftness                         Charms/Air                   2
   *Repel Missiles                    Charms/Air                   2
   *Flight                            Charms/Air                   3
   *Static Discharge                  Conjuration/Air              3
   *Lightning Bolt                    Conjuration/Air              5
 K - a Grand Grimoire {highlevel, unknown}

   This book is beyond your current level of understanding.

   Spells                             Type                      Level
   Aura of Abjuration                 Summoning                    6
   Forceful Dismissal                 Summoning                    6
   Summon Greater Demon               Summoning                    7
   Malign Gateway                     Summoning/Translocation      7
   Summon Horrible Things             Summoning                    8
 L - a book of Ice

   Spells                             Type                      Level
   Metabolic Englaciation             Hexes/Ice                    5
   Ozocubu's Refrigeration            Ice                          6
   Bolt of Cold                       Conjuration/Ice              6
   Freezing Cloud                     Conjuration/Ice/Air          6
   Simulacrum                         Ice/Necromancy               6
Rods
 C - a +0 rod of shadows (11/11)
   (You took it off a goblin on level 5 of the Dungeon)


   Skills:
 + Level 2.4 Fighting
 + Level 1.0 Short Blades
 + Level 0.3 Axes
 + Level 5.2 Dodging
 + Level 3.5 Stealth
 + Level 0.3 Unarmed Combat
 + Level 8.7 Spellcasting
 + Level 7.9 Conjurations
 + Level 0.3 Charms
 + Level 9.1 Air Magic
 + Level 1.7 Evocations


You had 11 spell levels left.
You knew the following spells:

 Your Spells              Type           Power        Failure   Level  Hunger
a - Shock                 Conj/Air       ####         1%          1    None
b - Static Discharge      Conj/Air       #####...     1%          3    None
c - Repel Missiles        Chrm/Air       ####..       1%          2    None
d - Swiftness             Chrm/Air       ####....     1%          2    None
e - Lightning Bolt        Conj/Air       #####.....   8%          5    ####...
f - Flight                Chrm/Air       ####......   3%          3    None


Dungeon Overview and Level Annotations

Branches:
Dungeon (12/15)            Temple (0/1) D:6            Lair (0/8) D:11
    Orc: D:9-12

Shops:
D:10 %

Annotations:
D:5 Pikel
D:6 Menkaure


Message History

You feel refreshed.
It was a potion of restore abilities.
Drink which item? (? for menu, Esc to quit)
You feel very mighty all of a sudden.
It was a potion of might.
Drink which item? (? for menu, Esc to quit)
A red film seems to cover your vision as you go berserk!
You feel yourself moving faster!
You feel mighty!
It was a potion of berserk rage.
You feel a strong urge to attack something.
You are too berserk!
The cyclops throws a large rock.
The large rock hits you!!
* * * LOW HITPOINT WARNING * * *
You see here a large rock.
You feel your anger subside.
You are no longer berserk.
You are exhausted.
You feel yourself slow down.
The cyclops shouts!
The cyclops throws a large rock.
The large rock hits you!!
You die...

.. ..#
##.###.#.#..##.#..##
..##.#
#...##..............
.(..#
#...####.#######..##
####..# #...# #.#
#.....#######...####.#
#.###...#............##
.#.......C.............#
.C..##...#......).....##
###.###.######..@######
#.....# #...# #.#####
#(..# ..# #...# .##
##.######## #
#.l.......# #.........#
#....%....# ...........#


You could see a cyclops and an iguana.

Vanquished Creatures
  Erolcha (D:9)
  A hill giant (D:12)
  An ugly thing (D:12)
  Joseph (D:8)
  Psyche (D:8)
  Grinder (D:6)
  A fire drake (D:11)
  A troll (D:11)
  Prince Ribbit (D:8)
  2 wyverns (D:10)
  A spriggan (D:7)
  A deep elf mage (D:9)
  2 hippogriffs
  5 yaks (D:11)
  Eustachio (D:10)
  Grum (D:8)
  A hungry ghost (D:8)
  4 wolves (D:8)
  2 orc warriors
  A black bear (D:8)
  4 slaves (D:5)
  4 ice beasts
  4 centaurs
  5 ogres
  2 phantoms
  Duvessa (D:4)
  Blork the orc (D:4)
  4 big kobolds
  5 giant frogs
  2 scorpions
  6 killer bees (D:10)
  A hippogriff skeleton (D:3)
  2 centaur zombies
  Dowan (D:4)
  8 crimson imps
  3 hounds
  8 jellies
  A giant frog zombie (D:9)
  3 iguanas
  A centaur skeleton (D:9)
  9 orc priests
  A black bear skeleton (D:8)
  4 worker ants
  7 orc wizards
  2 sheep (D:12)
  A crocodile skeleton (D:11)
  A mummy (D:10)
  A worker ant zombie (D:8)
  A gnoll (D:10)
  9 adders
  A giant mite (D:2)
  2 shadow imps
  An inept feature mimic (D:10)
  3 worms (D:2)
  2 adder skeletons
  An iguana zombie (D:5)
  An orc skeleton (D:5)
  4 giant geckos
  54 orcs
  16 bats
  8 giant cockroaches
  18 hobgoblins
  5 jackals
  4 quokkas
  2 ball pythons (D:2)
  11 giant newts
  2 giant spores
  18 goblins
  A goblin zombie (D:5)
  34 kobolds
  2 orc zombies
  12 rats
  A rat skeleton (D:7)
  3 ballistomycetes (D:8)
338 creatures vanquished.

Notes
Turn   | Place    | Note
--------------------------------------------------------------
     0 | D:1      | Johnny, the Demigod Air Elementalist, began the quest for the Orb.
     0 | D:1      | Reached XP level 1. HP: 14/14 MP: 3/3
    63 | D:1      | Found a viscous altar of Jiyva.
    63 | D:1      | Noticed a jelly
    63 | D:1      | Noticed a jelly
    63 | D:1      | Noticed a jelly
   395 | D:1      | Noticed a jelly
   395 | D:1      | Noticed a jelly
   395 | D:1      | Noticed a jelly
   569 | D:1      | Reached skill level 1 in Conjurations
   675 | D:1      | Reached XP level 2. HP: 18/20 MP: 2/5
  1278 | D:1      | Reached skill level 3 in Air Magic
  1933 | D:2      | Reached XP level 3. HP: 26/26 MP: 0/8
  2034 | D:2      | Learned a level 3 spell: Static Discharge
  2052 | D:2      | Learned a level 2 spell: Repel Missiles
  2653 | D:2      | Reached XP level 4. HP: 33/33 MP: 0/11
  3766 | D:3      | Reached XP level 5. HP: 39/39 MP: 10/12
  4318 | D:4      | Noticed an ogre
  4329 | D:4      | Killed an ogre
  4587 | D:4      | Noticed an ogre
  4594 | D:4      | Noticed Blork the orc
  4595 | D:4      | Killed an ogre
  4595 | D:4      | Reached skill level 4 in Air Magic
  4595 | D:4      | Reached XP level 6. HP: 46/46 MP: 8/17
  4607 | D:4      | Killed Blork the orc
  4847 | D:4      | Learned a level 2 spell: Swiftness
  5062 | D:4      | Noticed Dowan
  5065 | D:4      | Noticed Duvessa
  5076 | D:5      | Entered Level 5 of the Dungeon
  5267 | D:5      | Noticed Pikel
  5953 | D:5      | Reached XP level 7. HP: 18/51 MP: 6/19
  6284 | D:5      | Reached skill level 1 in Fighting
  7077 | D:5      | Identified a +0 rod of shadows (11/11) (You took it off a goblin on level 5 of the Dungeon)
  7120 | D:5      | Reached skill level 5 in Air Magic
  7339 | D:4      | Killed Duvessa
  7352 | D:4      | Killed Dowan
  8271 | D:6      | Noticed Grinder
  8279 | D:6      | Paralysed by Grinder for 7 turns
  8281 | D:6      | Noticed Menkaure
  8292 | D:6      | Paralysed by Grinder for 3 turns
  8295 | D:6      | Killed Grinder
  8295 | D:6      | Reached skill level 5 in Spellcasting
  8295 | D:6      | Reached XP level 8. HP: 29/59 MP: 12/22
  8855 | D:6      | Found a staircase to the Ecumenical Temple.
  9313 | D:7      | Reached skill level 6 in Air Magic
  9314 | D:7      | Reached skill level 5 in Conjurations
  9572 | D:7      | Learned a level 5 spell: Lightning Bolt
  9974 | D:7      | Reached XP level 9. HP: 65/67 MP: 10/25
 10703 | D:8      | Learned a level 3 spell: Flight
 10950 | D:8      | Noticed Psyche
 10957 | D:8      | Killed Psyche
 11135 | D:8      | Reached skill level 7 in Air Magic
 11306 | D:8      | Noticed Prince Ribbit
 11315 | D:8      | Killed Prince Ribbit
 11892 | D:8      | Noticed Grum
 11907 | D:8      | Killed Grum
 12088 | D:8      | Noticed Joseph
 12229 | D:8      | Killed Joseph
 12229 | D:8      | Reached XP level 10. HP: 22/73 MP: 10/28
 13301 | D:9      | Noticed Erolcha
 13306 | D:9      | Killed Erolcha
 13306 | D:9      | Reached skill level 8 in Air Magic
 13614 | D:10     | Entered Level 10 of the Dungeon
 13791 | D:10     | Reached skill level 1 in Short Blades
 13924 | D:10     | Noticed Eustachio
 13927 | D:10     | Killed Eustachio
 14018 | D:10     | Found a snail-covered altar of Cheibriados.
 14253 | D:10     | Found Buajuamp's Food Boutique.
 14939 | D:11     | Found a staircase to the Lair.
 14944 | D:11     | Reached skill level 1 in Evocations
 15099 | D:11     | Noticed a green ugly thing
 15105 | D:11     | Reached skill level 5 in Dodging
 15674 | D:11     | Noticed a cyclops
 15699 | D:11     | HP: 1/74 [cyclops/ large rock (46)]
 15818 | D:10     | Reached skill level 9 in Air Magic
 16007 | D:11     | Reached XP level 11. HP: 64/80 MP: 4/30
 16348 | D:12     | Hit by a large rock thrown by a cyclops

Action                   |  1- 3 |  4- 6 |  7- 9 | 10-12 || total
-------------------------+-------+-------+-------+-------++-------
Melee: Unarmed           |    55 |     1 |       |       ||    56
       Hand axe          |       |     4 |     5 |       ||     9
       Short sword       |       |       |    54 |    37 ||    91
 Cast: Shock             |   111 |   203 |   331 |   139 ||   784
       Static Discharge  |     3 |     5 |    31 |    39 ||    78
       Repel Missiles    |     1 |       |     1 |       ||     2
       Lightning Bolt    |       |       |    23 |    33 ||    56
       Flight            |       |       |       |     1 ||     1
Evoke: Wand              |       |       |     2 |    20 ||    22
  Use: Potion            |     1 |     3 |     4 |    11 ||    19
       Scroll            |       |     9 |     7 |     7 ||    23
 Stab: Invisible         |       |       |     4 |       ||     4
  Eat: Chunk             |     2 |     6 |     7 |     2 ||    17
       Bread ration      |     1 |       |     2 |     2 ||     5
       Meat ration       |       |     1 |     2 |     1 ||     4
       Beef jerky        |       |       |     1 |     1 ||     2
       Fruit             |       |       |     1 |     4 ||     5
       Royal jelly       |       |       |     1 |     1 ||     2
       Pizza             |       |       |     1 |       ||     1
